[Event "*** Titled Tuesday Blitz"]
[Site "Chess.com"]
[Date "2021.02.16"]
[Round "5"]
[White "Aradhya2000"]
[Black "Tenamu"]
[Result "1-0"]
[WhiteElo "2581"]
[BlackElo "2407"]
[TimeControl "180+1"]
[EndTime "10:56:22 PST"]
[Termination "Aradhya2000 won by checkmate"]

1. d4 Nf6 2. c4 e6 3. Nc3 c5 4. d5 exd5 5. cxd5 d6 6. e4 g6 7. Nge2 Bg7 8. Ng3 O-O 9. h4 h5 10.
Be2 Nbd7 11. Bg5 Rb8 12. Qd2 Kh7 13. f4 Qe8 14. e5 dxe5 15. f5 e4 16. O-O-O a6 17.
Bf4 Ra8 18. Rde1 b5 19. Bf3 b4 20. Ncxe4 Nxe4 21. Rxe4 Qd8 22. d6 Bb7 23. Re7 Bxf3 24. gxf3 Kg8 25. fxg6 fxg6 26. Nxh5 gxh5 27. Qd5+ Kh8 28.
Qxh5+ Kg8 29. Rxg7+ Kxg7 30. Rg1+ Kf6 31. Qg6# 1-0

[Event "*** Titled Tuesday Blitz"]
[Site "Chess.com"]
[Date "2021.02.16"]
[Round "5"]
[White "MerryPoppies"]
[Black "delphin11"]
[Result "0-1"]
[WhiteElo "2174"]
[BlackElo "2610"]
[TimeControl "180+1"]
[EndTime "10:56:22 PST"]
[Termination "delphin11 won by resignation"]

1. d4 Nf6 2. c4 g6 3. Nc3 Bg7 4. Nf3 d6 5. h3 O-O 6. e4 e5 7. d5 Nh5 8. Bg5 Qe8 9. Qd2 Na6 10. Be2 f5 11. exf5 gxf5 12. O-O-O Nc5 13. g4 Nf4 14. Bxf4 exf4 15. g5 Ne4 16. Nxe4 fxe4 17. Nd4 Qe5 18. Bg4 e3 19. fxe3 fxe3 20. Qh2 Bxg4 21. hxg4 Qxh2 22. Rxh2 Bxd4 23. Rxd4 Rf2 24. Rxf2 exf2 25. Rf4 Rf8 0-1

[Event "*** Titled Tuesday Blitz"]
[Site "Chess.com"]
[Date "2021.02.16"]
[Round "5"]
[White "NovikovaGalina"]
[Black "Neftegor"]
[Result "0-1"]
[WhiteElo "2408"]
[BlackElo "2582"]
[TimeControl "180+1"]
[EndTime "10:56:26 PST"]
[Termination "Neftegor won by resignation"]

1. e4 e6 2. Nf3 d5 3. e5 c5 4. b4 cxb4 5. a3 Nc6 6. axb4 Bxb4 7. c3 Be7 8. d4 a6 9. Bd3 Bd7 10. O-O Na5 11. Na3 Rc8 12. Bd2 Nc4 13. Nxc4 dxc4 14.
Bc2 Bc6 15. Qe2 Bd5 16. Ne1 h5 17. f4 g6 18. Be4 Nh6 19. Nc2 Nf5 20. Bxd5 Qxd5 21.
Rae1 h4 22. Ne3 Nxe3 23. Bxe3 b5 24. h3 Kf8 25. Qg4 Rh5 26. Ra1 Rc6 27. Ra2 b4 28. cxb4 Bxb4 29. Rfa1 a5 30. Rc2 Qe4 31. Qe2 c3 32.
Qf2 Kg7 33. Rac1 a4 34. d5 Qxd5 35. Bd4 Rc4 36. Bxc3 Bc5 0-1

[Event "*** Titled Tuesday Blitz"]
[Site "Chess.com"]
[Date "2021.02.16"]
[Round "5"]
[White "Funo09"]
[Black "jefferyx"]
[Result "0-1"]
[WhiteElo "2769"]
[BlackElo "2983"]
[TimeControl "180+1"]
[EndTime "10:56:30 PST"]
[Termination "jefferyx won by resignation"]

1. e4 e6 2. d4 d5 3. Nc3 Bb4 4.
e5 b6 5. Bd2 Bxc3 6. Bxc3 Ne7 7.
Qg4 O-O 8. h4 c5 9. Nf3 Ba6 10.
Bxa6 Nxa6 11. h5 h6 12. Qf4 Rc8 13. O-O-O b5 14. dxc5 Nxc5 15. Nd4 Ne4 16. Bb4 a5 17. Bxe7 Qxe7 18. f3 Nf2 19. Nxb5 Rc4 20. Nd4 Nxh1 21.
Rxh1 Qb4 22. Rd1 Rb8 23. b3 Qa3+ 24. Kd2 Rc7 25. g4 Rb4 26. Qe3 Qxa2 27. Ke1 Rxd4 28.
Rxd4 Rxc2 29. g5 Rh2 0-1

[Event "*** Titled Tuesday Blitz"]
[Site "Chess.com"]
[Date "2021.02.16"]
[Round "5"]
[White "MasterKroket"]
[Black "ChessQueen"]
[Result "0-1"]
[WhiteElo "2504"]
[BlackElo "2734"]
[TimeControl "180+1"]
[EndTime "10:56:30 PST"]
[Termination "ChessQueen won by resignation"]

1. d4 Nf6 2. c4 e6 3. Nf3 d5 4. Nc3 dxc4 5. e4 b5 6. e5 Nd5 7. Nxb5 Nb6 8. g3 Bb7 9. Bg2 Be7 10. O-O O-O 11. Nc3 N8d7 12. Qd2 c5 13. Rd1 cxd4 14. Qxd4 Qc7 15. Bf4 Rad8 16. Nb5 Qb8 17. Nd6 Bd5 18. Ng5 h6 19. Ngxf7 Rxf7 20. Nxf7 Kxf7 21. Bh3 Bc5 22. Qd2 Nf8 23. Qe2 Kg8 24. Rac1 Qb7 25. Bg4 Bh1 0-1

[Event "*** Titled Tuesday Blitz"]
[Site "Chess.com"]
[Date "2021.02.16"]
[Round "5"]
[White "norwaytoadog"]
[Black "Grimlock_Glasgow"]
[Result "0-1"]
[WhiteElo "2264"]
[BlackElo "2452"]
[TimeControl "180+1"]
[EndTime "10:56:35 PST"]
[Termination "Grimlock_Glasgow won by checkmate"]

1. e4 e5 2. Nf3 d5 3. exd5 Bd6 4. d4 e4 5. Ne5 Nf6 6. Bg5 Nbd7 7. Bb5 O-O 8. Nxd7 Bxd7 9. Bxd7 Qxd7 10. Bxf6 gxf6 11. Nc3 Bb4 12. Qh5 Rad8 13. Qh4 Qxd5 14. O-O Bxc3 15. bxc3 Rd6 16. Rae1 f5 17. f3 Re8 18. Qg5+ Rg6 19. Qf4 Ree6 20. fxe4 Rxe4 21. Rxe4 Qxe4 22. Qxf5 Qxg2# 0-1

[Event "*** Titled Tuesday Blitz"]
[Site "Chess.com"]
[Date "2021.02.16"]
[Round "5"]
[White "MarcoRiehle"]
[Black "Srisshhhtea"]
[Result "1-0"]
[WhiteElo "2688"]
[BlackElo "2441"]
[TimeControl "180+1"]
[EndTime "10:56:36 PST"]
[Termination "MarcoRiehle won by checkmate"]

1. e4 e6 2. c4 c5 3. Nf3 d5 4. exd5 exd5 5. d4 cxd4 6. Nxd4 Nc6 7. Nxc6 bxc6 8. cxd5 cxd5 9. Bb5+ Bd7 10. Qxd5 Bb4+ 11.
Nc3 Bxc3+ 12. bxc3 Rc8 13. O-O Bxb5 14. Re1+ Ne7 15.
Qxb5+ Qd7 16. Ba3 Qxb5 17. Rxe7+ Kf8 18. Re5+ Kg8 19. Rxb5 h6 20. h3 Kh7 21. Rb7 Rxc3 22. Rxa7 Re8 23. Bb4 Rc2 24. Rxf7 Ree2 25. a4 Kg6 26.
Rf3 Rb2 27. Bc5 Rec2 28. Be3 Rc6 29. a5 Ra6 30. Rg3+ Kh7 31. Rxg7+ Kxg7 32. Bd4+ Kf7 33. Bxb2 Ke6 34. Bc3 Kd5 35. Rb1 Kc4 36. Rb6 Ra8 37. Be1 h5 38. a6 Kc5 39. Rh6 Kd4 40. Bd2 Ke4 41. Be3 Kd3 42. a7 Ke2 43. Rb6 h4 44. Rb8 Rxa7 45. Bxa7 Ke1 46. Re8+ Kd1 47. Re4 Kc2 48. Rxh4 Kd3 49. Be3 Ke2 50. Rd4 Ke1 51. h4 Ke2 52. h5 Ke1 53. h6 Ke2 54.
h7 Ke1 55. h8=Q Ke2 56. Qe8 Ke1 57. Bh6# 1-0

[Event "*** Titled Tuesday Blitz"]
[Site "Chess.com"]
[Date "2021.02.16"]
[Round "5"]
[White "Vugar_Manafov"]
[Black "JiiHart"]
[Result "1-0"]
[WhiteElo "2651"]
[BlackElo "2123"]
[TimeControl "180+1"]
[EndTime "10:56:38 PST"]
[Termination "Vugar_Manafov won by resignation"]

1. Nf3 Nf6 2. g3 c5 3. Bg2 Nc6 4. O-O e6 5. d3 d5 6. Nc3 Be7 7. e4 O-O 8. h3 dxe4 9. dxe4 Qxd1 10. Rxd1 Nb4 11. Ne1 Rd8 12. Rxd8+ Bxd8 13. a3 Nc6 14. Be3 b6 15. e5 Nd5 16. Nxd5 exd5 17. Bxd5 Bb7 18. Rd1 Be7 19. e6 fxe6 20. Bxe6+ Kf8 21. Nd3 Rd8 22. Re1 Nd4 23. Bxd4 Rxd4 24. b3 Bf6 25. Bc4 Bd5 26. Bxd5 Rxd5 27. Re4 b5 28. Kg2 a5 29. a4 bxa4 30. Rxa4 Bd8 31. Kf3 Ke7 32. Ke4 Kd6 33. h4 g6 34. Nb2 Re5+ 35. Kf3 Rf5+ 36. Ke2 Re5+ 37. Kf1 Rd5 38. Nc4+ Kc6 39. Nxa5+ Bxa5 40. Rxa5 Rd2 41. Ra2 Kd5 42. c4+ Kd4 43. Rxd2+ 1-0

[Event "*** Titled Tuesday Blitz"]
[Site "Chess.com"]
[Date "2021.02.16"]
[Round "5"]
[White "Kretov_Evgenij"]
[Black "McCarthyStone"]
[Result "1-0"]
[WhiteElo "2618"]
[BlackElo "2378"]
[TimeControl "180+1"]
[EndTime "10:56:38 PST"]
[Termination "Kretov_Evgenij won on time"]

1. d4 d5 2. c4 Nc6 3. Nf3 Bg4 4. Qa4 Bxf3 5. gxf3 e6 6. Bf4 dxc4 7. e3 Bd6 8.
Bg3 Qf6 9. Nd2 Ne7 10. Bxc4 a6 11. Be2 O-O 12. Ne4 Qf5 13. Nxd6 cxd6 14. Bxd6 Rfc8 15. O-O Nd5 16. Bg3 Qg6 17. Rac1 h5 18. Qc2 Qg5 19.
h4 Qd8 20. Qe4 Nf6 21. Qf4 Ne7 22. Bd3 Qa5 23. Qg5 Qd2 24. Rcd1 Qxb2 25. Be5 Ned5 26. e4 1-0

[Event "*** Titled Tuesday Blitz"]
[Site "Chess.com"]
[Date "2021.02.16"]
[Round "5"]
[White "A-Fier"]
[Black "stoleriu"]
[Result "1-0"]
[WhiteElo "2811"]
[BlackElo "2605"]
[TimeControl "180+1"]
[EndTime "10:56:39 PST"]
[Termination "A-Fier won by resignation"]

1. d4 e6 2. Nf3 Nf6 3. e3 b6 4. b3 Bb7 5. Bb2 g6 6. Bd3 Bg7 7. O-O O-O 8. c4 d6 9. Nc3 Nbd7 10. e4 Re8 11. b4 e5 12. d5 Nh5 13. Re1 a5 14. a3 Rf8 15. Nb5 Nf4 16. Bf1 f5 17.
exf5 gxf5 18. g3 Ng6 19. Rc1 Kh8 20. Qd2 Nf6 21. Ng5 Bc8 22. Ne6 Bxe6 23. dxe6 Ne4 24. Qd5 Ne7 25. Qd1 Ng5 26. Bg2 Rb8 27. f4 Nxe6 28.
fxe5 dxe5 29. Bxe5 Ng6 30. Bxg7+ Nxg7 31. Qxd8 Rfxd8 32.
Nxc7 axb4 33. axb4 f4 34. Nd5 fxg3 35. hxg3 Nf5 36.
Kh2 Nh6 37. Bh3 Nf7 38. Bf5 Nfe5 39. Bxg6 Nf3+ 40. Kh3 Nxe1 41. Be4 Re8 42. Rxe1 Re5 43. Kg4 Rbe8 44. Kf3 Rf8+ 45. Nf4 Rc8 46. Rc1 Ra8 47. Bd3 Ra3 48. Rh1 h5 49. Ng6+ 1-0

[Event "*** Titled Tuesday Blitz"]
[Site "Chess.com"]
[Date "2021.02.16"]
[Round "5"]
[White "volunteers1998"]
[Black "Chesspirate_Channel"]
[Result "1-0"]
[WhiteElo "2107"]
[BlackElo "2296"]
[TimeControl "180+1"]
[EndTime "10:56:43 PST"]
[Termination "volunteers1998 won on time"]

1. e4 e5 2. Nc3 f5 3. exf5 Nf6 4. Nf3 e4 5. Ng5 d5 6. d3 h6 7. Ne6 Bxe6 8. fxe6 Bb4 9. dxe4 Bxc3+ 10. bxc3 O-O 11.
exd5 Nxd5 12. Bc4 c6 13. O-O Re8 14. Re1 Kh8 15. Ba3 Qg5 16. Qf3 Na6 17. Bxa6 bxa6 18. Rad1 Nf4 19. Bc1 Qh5 20. Qxf4 Rxe6 21. Be3 Rae8 22.
Rd7 Rg6 23. Qf7 Rb8 24. Bd4 Kh7 25. Bxg7 1-0

[Event "*** Titled Tuesday Blitz"]
[Site "Chess.com"]
[Date "2021.02.16"]
[Round "5"]
[White "GMJustin"]
[Black "NikolaMa2000"]
[Result "1-0"]
[WhiteElo "2312"]
[BlackElo "1917"]
[TimeControl "180+1"]
[EndTime "10:56:43 PST"]
[Termination "GMJustin won by resignation"]

1. d4 e6 2. e4 d5 3. Nd2 c5 4. dxc5 Bxc5 5. Bd3 Nc6 6. Ngf3 Nf6 7. Qe2 h6 8. O-O O-O 9. e5 Nd7 10. Nb3 Bb6 11.
c4 dxc4 12. Bxc4 Bc7 13. Bf4 a6 14. Qe4 Nb6 15. Rad1 Qe7 16. Bd3 f5 17. exf6 Rxf6 18. Qh7+ Kf7 19. Bg5 hxg5 20. Nxg5+ Ke8 21. Bg6+ Rxg6 22.
Qxg6+ Kf8 23. Qh5 Qf6 24. Nh7+ 1-0

[Event "*** Titled Tuesday Blitz"]
[Site "Chess.com"]
[Date "2021.02.16"]
[Round "5"]
[White "sergiochess83"]
[Black "temiksmozg"]
[Result "1-0"]
[WhiteElo "2843"]
[BlackElo "2614"]
[TimeControl "180+1"]
[EndTime "10:56:44 PST"]
[Termination "sergiochess83 won by resignation"]

1. e4 c5 2. Nf3 e6 3. d4 cxd4 4. Nxd4 Nf6 5. Nc3 Nc6 6. a3 d5 7. Bb5 Bd7 8. exd5 Nxd5 9. Nxd5 Nxd4 10. Bxd7+ Qxd7 11. Qxd4 Qxd5 12. Qxd5 exd5 13. Be3 Kd7 14. O-O-O Kc6 15. Rd3 b6 16. Rhd1 Rd8 17. c4 Bd6 18. Rxd5 Bc7 19. Rxd8 Rxd8 20. Rxd8 Bxd8 21. Kc2 a6 22.
Kd3 b5 23. cxb5+ Kxb5 24. b3 Kc6 25. Kc4 Bc7 26. h3 g6 27. b4 Be5 28. a4 Bb2 29. b5+ Kb7 30. Bd4 Ba3 31. Kd5 h5 32. Bc5 Bb2 33.
Kd6 axb5 34. axb5 Bc3 35. Ke7 f5 36. Kf7 g5 37. Kg6 g4 1-0

[Event "*** Titled Tuesday Blitz"]
[Site "Chess.com"]
[Date "2021.02.16"]
[Round "5"]
[White "Julianos82"]
[Black "Fiona"]
[Result "1-0"]
[WhiteElo "2356"]
[BlackElo "2126"]
[TimeControl "180+1"]
[EndTime "10:56:44 PST"]
[Termination "Julianos82 won by resignation"]

1. d4 d6 2. Nf3 Bg4 3. e4 Nf6 4.
h3 Bxf3 5. Qxf3 Nbd7 6. Nc3 e5 7.
Be3 Be7 8. O-O-O c6 9. g4 O-O 10. g5 Ne8 11. h4 Qa5 12. Kb1 b5 13. Qh3 exd4 14. Qxd7 dxc3 15. Qxe7 Qb4 16. Bc1 a5 17.
Rh3 cxb2 18. Bxb2 a4 19. a3 Qc5 20. h5 b4 21. g6 h6 22. Rf3 f6 23. Bh3 Ra7 24.
Be6+ 1-0

[Event "*** Titled Tuesday Blitz"]
[Site "Chess.com"]
[Date "2021.02.16"]
[Round "5"]
[White "elcandado"]
[Black "Azde"]
[Result "1-0"]
[WhiteElo "2654"]
[BlackElo "2437"]
[TimeControl "180+1"]
[EndTime "10:56:45 PST"]
[Termination "elcandado won by resignation"]

1. d4 Nf6 2. Bf4 e6 3. e3 d5 4. Nd2 Bd6 5. Bg3 c5 6. c3 Nc6 7. Ngf3 O-O 8. Bd3 b6 9. e4 dxe4 10. Nxe4 Nxe4 11. Bxe4 Bb7 12. dxc5 Bxc5 13. Qa4 Rc8 14. Rd1 Qe7 15. O-O f5 16. Bc2 e5 17.
Bh4 Qc7 18. Ng5 Rce8 19. Bb3+ Kh8 20. Ne6 Rxe6 21. Bxe6 h6 22. Rd7 Qb8 23. Rfd1 g5 24. Bg3 f4 25. Qe4 Ne7 26. Rxb7 Qe8 27. Qxe5+ Kh7 28.
Bf5+ 1-0

[Event "*** Titled Tuesday Blitz"]
[Site "Chess.com"]
[Date "2021.02.16"]
[Round "5"]
[White "Ginger_GM"]
[Black "Parhamov"]
[Result "0-1"]
[WhiteElo "2634"]
[BlackElo "2901"]
[TimeControl "180+1"]
[EndTime "10:56:46 PST"]
[Termination "Parhamov won by resignation"]

1. e4 c6 2. Bc4 d5 3. Bb3 dxe4 4. Qh5 g6 5. Qh4 Nf6 6. Nc3 Bg7 7. f3 exf3 8. Nxf3 Nbd7 9. d4 a5 10. a4 Nb6 11.
Bh6 Bxh6 12. Qxh6 Nbd5 13. O-O Qb6 14. Kh1 Bf5 15. Nxd5 cxd5 16. Rae1 Rc8 17. Ne5 Rf8 18. h3 Qxd4 19. Nf3 Qb6 20. Ng5 Kd7 21. Qg7 Ne4 22.
Nxe4 Bxe4 23. Rxf7 Rxf7 24. Qxf7 Qd6 25. Qxh7 Qg3 26.
Rg1 Rf8 0-1

[Event "*** Titled Tuesday Blitz"]
[Site "Chess.com"]
[Date "2021.02.16"]
[Round "5"]
[White "OriTaichman"]
[Black "Chesswizard_2007"]
[Result "0-1"]
[WhiteElo "2550"]
[BlackElo "2722"]
[TimeControl "180+1"]
[EndTime "10:56:47 PST"]
[Termination "Chesswizard_2007 won by checkmate"]

1. e4 e5 2. d4 exd4 3. Qxd4 Nc6 4. Qe3 Nf6 5. Nc3 Bb4 6. Bd2 d6 7. O-O-O Be6 8. f4 Qe7 9. Nf3 O-O-O 10. Bb5 Bc5 11.
Qe1 Nb8 12. Na4 a6 13. Bd3 Ba7 14. a3 Rhe8 15. Qh4 h6 16. h3 Nc6 17. Rhe1 Nd4 18. Nxd4 Bxd4 19. e5 dxe5 20. fxe5 Ng8 21. Qg3 g6 22.
Nc3 Qc5 23. Kb1 Qb6 24. Na4 Qa7 25. Bc3 Bf2 26. Qf3 Bxe1 27. Rxe1 Ne7 28. Bb4 Nd5 29. Bc5 Qb8 30. Be4 b6 31. Bxd5 Bxd5 32. Qc3 bxc5 33. Qxc5 Qb5 34. Qa7 Qb7 35. Qc5 Be6 36. Re3 Rd5 37.
Qc3 Rd1# 0-1

[Event "*** Titled Tuesday Blitz"]
[Site "Chess.com"]
[Date "2021.02.16"]
[Round "5"]
[White "FairChess_on_YouTube"]
[Black "GregShahade"]
[Result "1-0"]
[WhiteElo "2931"]
[BlackElo "2655"]
[TimeControl "180+1"]
[EndTime "10:56:48 PST"]
[Termination "FairChess_on_YouTube won by checkmate"]

1. d4 Nf6 2. c4 g6 3. Nc3 d5 4. cxd5 Nxd5 5. e4 Nxc3 6. bxc3 Bg7 7. Nf3 c5 8. Be2 Nc6 9. d5 Bxc3+ 10. Bd2 Bxa1 11. Qxa1 Nd4 12. Nxd4 cxd4 13. Qxd4 O-O 14. O-O Qb6 15. Qa1 Bd7 16. Bh6 f6 17. Rb1 Qc7 18.
Bxf8 Kxf8 19. Qd4 b6 20. Ba6 Bc8 21. Bb5 Bd7 22. d6 Qb7 23. dxe7+ Kxe7 24. Bc4 Be6 25. e5 Bxc4 26. exf6+ Kf7 27. Qxc4+ Kxf6 28. Re1 Qd7 29.
Qh4+ g5 30. Qh6+ Kf5 31. h3 Qf7 32. g4+ Kf4 33. Qd6+ Kf3 34. Re3# 1-0

[Event "*** Titled Tuesday Blitz"]
[Site "Chess.com"]
[Date "2021.02.16"]
[Round "5"]
[White "Sadykov_Ramil"]
[Black "Supernotar"]
[Result "1/2-1/2"]
[WhiteElo "2554"]
[BlackElo "2763"]
[TimeControl "180+1"]
[EndTime "10:56:48 PST"]
[Termination "Game drawn by repetition"]

1. e4 c6 2. Nc3 d5 3. Nf3 Bg4 4. h3 Bxf3 5. Qxf3 e6 6. Be2 dxe4 7. Nxe4 Nd7 8. d4 Ngf6 9. O-O Nxe4 10. Qxe4 Nf6 11.
Qd3 Be7 12. c3 O-O 13. Qf3 Nd5 14. Bd3 b5 15. Qe4 g6 16. Bh6 Re8 17. g3 Bg5 18. Bxg5 Qxg5 19. h4 Qf6 20. h5 Kg7 21. Kg2 Qg5 22.
Rh1 e5 23. dxe5 Rxe5 24. Qd4 c5 25. Qh4 Qxh4 26. Rxh4 c4 27. Be4 Rae8 28. Bf3 Nf6 29. a4 a6 30. axb5 axb5 31. h6+ Kf8 32. Rf4 Nd5 33.
Bxd5 Rxd5 34. Ra7 Re7 35. Ra8+ Re8 36. Ra7 Re7 37. Ra8+ Re8 38. Ra7 1/2-1/2

[Event "*** Titled Tuesday Blitz"]
[Site "Chess.com"]
[Date "2021.02.16"]
[Round "5"]
[White "IwkooO"]
[Black "marianokar"]
[Result "1-0"]
[WhiteElo "2625"]
[BlackElo "2433"]
[TimeControl "180+1"]
[EndTime "10:56:48 PST"]
[Termination "IwkooO won by resignation"]

1. e4 d5 2. exd5 Qxd5 3. Nc3 Qa5 4. d4 Nf6 5. Nf3 Bf5 6. Bd2 e6 7. Bc4 c6 8. Qe2 Qc7 9. O-O-O Nbd7 10. Ne5 Nxe5 11.
dxe5 Nd7 12. g4 Bg6 13. f4 O-O-O 14. Rhf1 Nb6 15. Bb3 h6 16. f5 exf5 17. gxf5 Bh7 18. Bf4 Rxd1+ 19. Nxd1 Nd5 20. Bg3 Bc5 21. e6 Bd6 22.
exf7 Bxg3 23. Qe8+ Qd8 24. Qe6+ Kb8 25. hxg3 Rf8 26.
Re1 Nf6 27. Nf2 Qc8 28. Nd3 Bxf5 29. Qd6+ Ka8 30. Nf4 a6 31. a4 Bd7 32. Ng6 1-0

[Event "*** Titled Tuesday Blitz"]
[Site "Chess.com"]
[Date "2021.02.16"]
[Round "5"]
[White "Skatchkov_V"]
[Black "semchik73"]
[Result "1-0"]
[WhiteElo "2519"]
[BlackElo "2350"]
[TimeControl "180+1"]
[EndTime "10:56:49 PST"]
[Termination "Skatchkov_V won by resignation"]

1. d4 d5 2. c4 c6 3. Nf3 Nf6 4. e3 g6 5. Nc3 Bg7 6. Qc2 O-O 7. b3 Bf5 8. Bd3 Bxd3 9. Qxd3 dxc4 10. bxc4 Nbd7 11.
O-O Qc7 12. e4 e5 13. d5 Nc5 14. Qe2 cxd5 15. cxd5 Nfd7 16. Rd1 Rac8 17. d6 Qa5 18. Nd5 Kh8 19. Bg5 Ne6 20. Be7 Rfe8 21. Rdc1 Bf8 22.
Qb2 Bxe7 23. dxe7 f6 24. Qxb7 Ndc5 25. Qb2 Nd3 26. Rxc8 Nxb2 27. Rxe8+ Kg7 28. Rc8 Nf4 29. e8=Q Ne2+ 30. Kh1 1-0

[Event "*** Titled Tuesday Blitz"]
[Site "Chess.com"]
[Date "2021.02.16"]
[Round "5"]
[White "ketster"]
[Black "rachidhuilda"]
[Result "0-1"]
[WhiteElo "2437"]
[BlackElo "2283"]
[TimeControl "180+1"]
[EndTime "10:56:49 PST"]
[Termination "rachidhuilda won by resignation"]

1. d4 Nf6 2. c4 c5 3. d5 b5 4. cxb5 a6 5. bxa6 g6 6. Nc3 Bg7 7. e4 O-O 8. Be2 Qa5 9. Bd2 Bxa6 10. e5 Ne8 11. Nf3 Bxe2 12. Qxe2 Qa6 13. Qxa6 Nxa6 14. O-O-O d6 15. Rhe1 Nb4 16. Bg5 f6 17. exf6 exf6 18. Bf4 Nxa2+ 19. Nxa2 Rxa2 20. Kb1 Ra4 21. Bd2 Nc7 22.
Bc3 Nb5 23. Re2 Nxc3+ 24. bxc3 f5 25. Rc1 Rb8+ 26. Kc2 Ra2+ 27. Kd3 c4+ 28. Ke3 Re8+ 0-1

[Event "*** Titled Tuesday Blitz"]
[Site "Chess.com"]
[Date "2021.02.16"]
[Round "5"]
[White "muchojogo"]
[Black "maxip32"]
[Result "0-1"]
[WhiteElo "2339"]
[BlackElo "2507"]
[TimeControl "180+1"]
[EndTime "10:56:56 PST"]
[Termination "maxip32 won by resignation"]

1. e4 c5 2. Nf3 d6 3. d4 cxd4 4.
Nxd4 Nf6 5. Nc3 a6 6. Bg5 e6 7. f4 Nbd7 8. Qf3 h6 9. Bh4 e5 10. Nf5 exf4 11. Qxf4 g5 12. Nxd6+ Bxd6 13. Qxd6 gxh4 14.
O-O-O Qe7 15. Qf4 Qe5 16. Qxh4 Qg5+ 17. Qxg5 hxg5 18. Bc4 Ne5 19. Bd5 Nfg4 20. Rdf1 Rxh2 21. Rxh2 Nxh2 22. Rh1 Nhg4 23. Rh8+ Ke7 24. Na4 Ng6 25.
Rh5 Kf6 26. Nb6 Rb8 27. Rh1 Be6 28. Rf1+ Ke7 29. c4 Ne3 30. Rf2 Nf4 31. Kd2 Nexg2 32.
e5 Nh4 33. b4 Rd8 34. Kc3 Bxd5 0-1

[Event "*** Titled Tuesday Blitz"]
[Site "Chess.com"]
[Date "2021.02.16"]
[Round "5"]
[White "DanilNajdin"]
[Black "harlem4brew"]
[Result "1-0"]
[WhiteElo "2482"]
[BlackElo "2311"]
[TimeControl "180+1"]
[EndTime "10:56:56 PST"]
[Termination "DanilNajdin won by resignation"]

1. e4 c5 2. Nf3 d6 3. d4 cxd4 4. Qxd4 Nc6 5. Bb5 Bd7 6. Bxc6 Bxc6 7. c4 e5 8. Qd3 Nf6 9. Nc3 Be7 10. O-O O-O 11.
Bg5 a6 12. Bxf6 Bxf6 13. Nd5 Bxd5 14. Qxd5 Qc7 15. Rfd1 Rfd8 16. Rac1 b6 17. Nd2 Bg5 18. Rc3 Bxd2 19. Rxd2 Rac8 20. h4 Qe7 21. g3 Rc5 22. Qd3 Kf8 23. Qe2 Qe6 24. Rd5 Ke7 25. Qd1 Qg6 26.
Qc2 Rdc8 27. Kg2 a5 28. f3 Qe6 29. Qb3 R5c6 30. Qb5 Qd7 31. Qb3 Qe6 32. Rb5 Rxc4 33. Rxc4 Qxc4 34. Qxc4 Rxc4 35. Rxb6 Rc5 36. Kf2 Ke6 37.
Ke3 g6 38. Rb7 h5 39. Kd3 Rc1 40. a3 Rg1 41. Ra7 Rxg3 42. Ke3 Rg2 43. Rb7 Rh2 44. Rb5 Rxh4 45. Rxa5 Rh2 46. Rb5 Rxb2 47. Rxb2 g5 48. a4 1-0

[Event "*** Titled Tuesday Blitz"]
[Site "Chess.com"]
[Date "2021.02.16"]
[Round "5"]
[White "SHIVACalypso"]
[Black "FontVella8"]
[Result "0-1"]
[WhiteElo "2341"]
[BlackElo "2562"]
[TimeControl "180+1"]
[EndTime "10:56:56 PST"]
[Termination "FontVella8 won by checkmate"]

1. Nf3 d5 2. c4 c6 3. d4 Nf6 4. g3 Bf5 5. Bg2 e6 6. O-O h6 7. Nc3 Ne4 8. Nh4 Nxc3 9. bxc3 Bh7 10. Qb3 Qb6 11. Nf3 Nd7 12. Nd2 Be7 13. cxd5 exd5 14.
e4 dxe4 15. Nxe4 O-O 16. Bf4 Nf6 17. Bd6 Nxe4 18. Bxe7 Rfe8 19. Bxe4 Bxe4 20. Qxb6 axb6 21. Bb4 Bd5 22. a4 Re2 23. a5 bxa5 24. Rxa5 Rxa5 25. Bxa5 b5 26. Bb4 g6 27. h3 f5 28. Ra1 Kf7 29. Ra7+ Kf6 30. Ra1 Kg5 31. Bd6 h5 32. Rc1 h4 33. Bf4+ Kh5 34. Be5 g5 35. Kf1 Bc4 36.
Kg2 hxg3 37. Kxg3 f4+ 38. Kf3 Rd2 39. Bf6 Bd5# 0-1

[Event "*** Titled Tuesday Blitz"]
[Site "Chess.com"]
[Date "2021.02.16"]
[Round "5"]
[White "Fusikk"]
[Black "Kislov_Oleg"]
[Result "1-0"]
[WhiteElo "2709"]
[BlackElo "2533"]
[TimeControl "180+1"]
[EndTime "10:56:57 PST"]
[Termination "Fusikk won by resignation"]

1. e4 c5 2. Nf3 Nc6 3. Bb5 g6 4. O-O Bg7 5. c3 Nf6 6. Re1 O-O 7. d4 cxd4 8. cxd4 d5 9. e5 Ne4 10. Bxc6 bxc6 11. Be3 Rb8 12. Qc1 Qb6 13. b3 f6 14. Nc3 Bg4 15. Na4 Qc7 16. exf6 exf6 17. Nd2 Bd7 18. Nxe4 dxe4 19. Bf4 Qa5 20. Bxb8 Rxb8 21.
Nc5 Bf5 22. Nxe4 Qd5 23. Qc4 Rd8 24. Qxd5+ Rxd5 25. Rad1 Bxe4 26. Rxe4 f5 27. Re6 Bxd4 28. Kf1 c5 29. Re7 a5 30. Ra7 Rd6 31. Re1 Rd8 32. Ree7 Bc3 33. Rad7 Ra8 34. Rd3 Bd4 35. Rb7 a4 36. b4 Rc8 37. bxc5 Bxc5 38. Rc3 1-0

[Event "*** Titled Tuesday Blitz"]
[Site "Chess.com"]
[Date "2021.02.16"]
[Round "5"]
[White "ChampStan"]
[Black "Smirnov_Pavel"]
[Result "0-1"]
[WhiteElo "2270"]
[BlackElo "2885"]
[TimeControl "180+1"]
[EndTime "10:56:57 PST"]
[Termination "Smirnov_Pavel won by resignation"]

1. d4 Nf6 2. c4 e6 3. Nc3 Bb4 4. Qc2 O-O 5. a3 Bxc3+ 6. Qxc3 d6 7. Bg5 Nbd7 8. Nf3 b6 9. e3 Bb7 10. Bd3 Rc8 11. Rd1 c5 12. dxc5 Rxc5 13. Bxf6 Nxf6 14.
b4 Rc7 15. Qb2 Qe7 16. Be2 Rfc8 17. O-O d5 18. Nd4 dxc4 19. Nb5 c3 20. Qc2 Be4 21. Bd3 Bxd3 22. Rxd3 Rc6 23. Rfd1 Nd5 24. e4 Nf6 25. f3 h6 26. Nd6 R8c7 27. Nb5 Rc8 28. Nd6 Rb8 29. Nb5 a6 30. Nxc3 a5 31. Qb3 Rbc8 32. Nb5 Nh5 33. Nd6 Rf8 34. bxa5 Nf4 35. R3d2 Qg5 36. Kh1 Rxd6 0-1

[Event "*** Titled Tuesday Blitz"]
[Site "Chess.com"]
[Date "2021.02.16"]
[Round "5"]
[White "coalescenet"]
[Black "szachuspl"]
[Result "0-1"]
[WhiteElo "2225"]
[BlackElo "2469"]
[TimeControl "180+1"]
[EndTime "10:56:59 PST"]
[Termination "szachuspl won by resignation"]

1. d4 Nf6 2. c4 e6 3. Nf3 b6 4. g3 Bb7 5. Bg2 c5 6. d5 exd5 7. Nh4 d6 8. O-O g6 9. Nc3 Bg7 10.
Bg5 Nbd7 11. Qd2 O-O 12. Bh6 Rb8 13. Bxg7 Kxg7 14. Qg5 dxc4 15. Nf5+ Kh8 16. Bxb7 Rxb7 17. Nxd6 Rb8 18. Rad1 Qe7 19. e4 Qe5 20. Qh4 Kg7 21.
f4 Qh5 22. Qxh5 Nxh5 23. Nf5+ gxf5 24. Rxd7 Nf6 25. Rxa7 fxe4 26. h3 h5 27. Kf2 b5 28.
Re1 Rfe8 29. Nb1 b4 30. Rd1 e3+ 31. Kf3 Re6 32. Re1 Rbe8 33. f5 Re5 34. g4 hxg4+ 35. hxg4 e2 36. Nd2 Re3+ 37. Kf4 c3 38. bxc3 Rxc3 39.
g5 Nd5+ 40. Kg4 Rd3 41. f6+ Kg6 42. Rh1 Rd4+ 43. Kf3 Rxd2 0-1

[Event "*** Titled Tuesday Blitz"]
[Site "Chess.com"]
[Date "2021.02.16"]
[Round "5"]
[White "Piccadilly123"]
[Black "JoliyRoger"]
[Result "0-1"]
[WhiteElo "2257"]
[BlackElo "2424"]
[TimeControl "180+1"]
[EndTime "10:56:59 PST"]
[Termination "JoliyRoger won by resignation"]

1. e4 c6 2. Nc3 d5 3. d4 h6 4. f3 dxe4 5. fxe4 e5 6. dxe5 Qxd1+ 7. Nxd1 Ne7 8. Nf3 Ng6 9. g3 Bg4 10. Be2 Bxf3 11. Bxf3 Nxe5 12. O-O Bc5+ 13. Kg2 Nbd7 14. Be2 O-O 15. Ne3 Rfe8 16. Nf5 Rad8 17. Bf4 Ng6 18. Bd3 Nde5 19. Rad1 Ng4 20. Rde1 Bb4 21. Re2 N4e5 22. Re3 Bc5 23. Be2 Nxf4+ 24. gxf4 Bxe3 25. Nxe3 Rd2 26. Re1 Ng6 27. Kf3 Nh4+ 28. Kg3 Rxe4 29. Kxh4 Rxe3 0-1